 Dungeon Crawl Stone Soup version 0.30.0-15-g856e2d3f33 (webtiles) character file.

Game seed: 4705168259139122402

22 hawla the Firebug (level 3, 0/26 HPs)
             Began as a Meteoran Fire Elementalist on May 19, 2023.
             Slain by a scorpion (6 damage)
             ... on level 4 of the Dungeon.
             The game lasted 00:02:32 (587 turns).

hawla the Firebug (Meteoran Fire Elementalist)       Turns: 587, Time: 00:02:33

Health: 0/26       AC:  3    Str:  8    XL:     3   Next: 23%
Magic:  6/8        EV: 12    Int: 18    God:
Gold:   75         SH:  0    Dex: 14    Spells: 5/8 levels left

rFire   . . .        (no weapon)
rCold   . . .        (no shield)
rNeg    . . .        a - +0 robe
rPois   .            (no helmet)
rElec   .            h - +0 cloak
rCorr   .            (no gloves)
SInv    .            (no boots)
Will    .....        (no amulet)
Stlth   +            (no ring)
HPRegen 0.24/turn    (no ring)
MPRegen 0.11/turn

%: no passive effects
@: lethally poisoned (0 -> -7), glowing
A: sense surroundings 1, otherworldly, glowing, explore regen, weak 1
a: no special abilities


You were on level 4 of the Dungeon.
You visited 1 branch of the dungeon, and saw 4 of its levels.

You collected 75 gold pieces.

Inventory:

Armour
 a - a +0 robe (worn)
 h - a +0 cloak (worn)
Potions
 b - a potion of magic
 g - a potion of haste {unknown}


   Skills:
 + Level 2.8 Dodging
 - Level 1.4 Stealth
 + Level 3.1 Spellcasting
 + Level 1.3 Conjurations
 + Level 4.3 Fire Magic


You had 5 spell levels left.
You knew the following spells:

 Your Spells              Type           Power      Damage    Failure   Level
a - Foxfire               Conj/Fire      48%        2x1d6     4%          1
b - Scorch                Fire           36%        2d7       4%          2

Your spell library contained the following spells:

 Spells                   Type           Power      Damage    Failure   Level
 Inner Flame              Hex/Fire       10%        N/A       21%         3
 Volatile Blastmotes      Fire/Tloc      20%        2d11      21%         3
 Flame Wave               Conj/Fire      12%        2d6       45%         4


Dungeon Overview and Level Annotations

Branches:
Dungeon (4/15) Zot: 1812
 Temple: D:4-7

Altars:
Gozag
Trog


Innate Abilities, Weirdness & Mutations

You passively map a small area around you.
You are easily found by Zot.
You glow in the dark.
You regain HP and MP as you explore.
You are weak. (Str -2)


Message History

You conjure some foxfire!
The moth of wrath goads the worm on!
The worm goes berserk!
The moth of wrath goads the worm on!
The worm goes berserk!
The rat barely misses you.
Casting: Foxfire (safe; 4% risk of failure)
Confirm with . or Enter, or press ? or * to list all spells.
You conjure some foxfire!
The foxfire hits the worm but does no damage.
The foxfire hits the worm.
The worm is lightly wounded.
The worm bites you!
Ouch! That really hurt!
The rat bites you.
The foxfire hits the worm.
The worm is lightly wounded.
The moth of wrath goads the rat on!
The rat goes berserk!
The rat bites you. The rat bites you but does no damage.
You open the door. The rat barely misses you.
The moth of wrath goads the rat on!
The rat goes berserk!
The rat bites you but does no damage.
There is an open door here.
A scorpion comes into view.
Found a club.
Found a stone staircase leading down.
Casting: Foxfire (safe; 4% risk of failure)
Confirm with . or Enter, or press ? or * to list all spells.
Flames lash the scorpion.
The scorpion is moderately wounded.
The scorpion's fire resistance burns away.
The worm bites you.
Unknown command.
The scorpion stings you.
You are lethally poisoned!
The scorpion poisons you!
Found 5 stones.
You feel very sick.
It was a potion of mutation.
You feel extremely strange.
You feel weaker.
* * * LOW HITPOINT WARNING * * *
You feel sick. The scorpion stings you.
You die...

*...(.....#
*#........# ,
##........#
.....)..># *
#.......#
#.......#
#.......#
#..s@..######
#..w..##....###
##w####......)##
#.###.........#
#.r##.r..#!..)#
##.##...###..).#
#r.'r..#y#._.)#
####...###....#
#....#....##


You could see 2 worms and a scorpion (combustible).

Vanquished Creatures
  An adder (D:2)
  A dart slug (D:1)
  A bat (D:2)
  A giant cockroach (D:1)
  A goblin (D:2)
  2 hobgoblins
  A quokka (D:2)
  A ball python (D:2)
  A frilled lizard (D:2)
  A rat (D:2)
11 creatures vanquished.

Vanquished Creatures (others)
  36 foxfires
36 creatures vanquished.

Grand Total: 47 creatures vanquished

Notes
Turn   | Place    | Note
-------+----------+-------------------------------------------
     0 | D:1      | hawla the Meteoran Fire Elementalist began the quest for
                  | the Orb.
     0 | D:1      | Reached XP level 1. HP: 14/14 MP: 5/5
    27 | D:2      | Reached skill level 4 in Fire Magic
    27 | D:2      | Reached XP level 2. HP: 16/20 MP: 3/6
    85 | D:2      | Reached XP level 3. HP: 23/26 MP: 4/8
    91 | D:2      | Learned a level 2 spell: Scorch
   551 | D:3      | Found an opulent altar of Gozag.
   568 | D:4      | Found a bloodstained altar of Trog.
   568 | D:4      | Noticed a moth of wrath
   581 | D:4      | Noticed a scorpion
   587 | D:4      | Gained mutation: You are weak. (Str -2) [potion of
                  | mutation]
   587 | D:4      | Slain by a scorpion

Illustrated notes

Levels and vault maps discovered:
D:1:      minmay_arrival_jagged, layout_rooms
D:2:      layout_rooms, serial_forest, infiniplex_forest_straight_5,
          infiniplex_forest_lined_room_2, infiniplex_forest_clump_diagonal,
          infiniplex_forest_clump_long, infiniplex_forest_clump_medium,
          infiniplex_forest_lined_3
D:3:      layout_basic, lemuel_doored_altar,
          mainiacjoe_overflow_concentric_impassable, serial_glass,
          glass_columns_b, glass_columns_a, minmay_strange_pillars, uniq_sigmund
D:4:      layout_rooms, tgw_trog, lemuel_tele_altar, kennysheep_mini,
          nicolae_sif_muna_condensation, uniq_eustachio, uniq_robin

Skill      XL: |  1  2  3 |
---------------+----------+-----
Fire Magic     | 4 |  4.3
Spellcasting   | 3 |  3.1
Dodging        | |  2.8
Stealth        | |  1.4
Conjurations   | |  1.3

Action                     || total
---------------------------++-------
  Melee: Unarmed           ||     1
   Cast: Foxfire           ||    21
         Scorch            ||     1
    Use: Scroll            ||     3
         Potion            ||     1
 Armour: Robe              ||     6
  Dodge: Dodged            ||     5
